NWL (28 & UNDER)
CASPER GHOSTS @ RIVERSIDE RED BULLS
09/16/2029
 
TOP OF THE 1ST
Casper Ghosts batting - Pitching for Riverside Red Bulls : RHP Bret Oliver
Pitching: RHP Bret Oliver
Batting: RHB Troy Reed 0-0: Called Strike
0-1: Fly out, F6 (Popup, 6MS)
Batting: LHB Ramón Córdova 0-0: Ball
1-0: Ground out 4-3 (Groundball, 4)
Batting: RHB Paul Richard 0-0: Swinging Strike
0-1: Foul Ball, location: 2F
0-2: Strikes out swinging
Top of the 1st over - 0 runs, 0 hits, 0 errors, 0 left on base; Casper 0 - Riverside 0
BOTTOM OF THE 1ST
Riverside Red Bulls batting - Pitching for Casper Ghosts : RHP Arthur Martínez
Pitching: RHP Arthur Martínez
Batting: RHB Donovan James 0-0: Ball
1-0: SINGLE (Groundball, 56) (infield hit)
Batting: LHB José Guillén 0-0: Called Strike
0-1: Ball
1-1: Ball
2-1: DOUBLE (Line Drive, 7LM)
Donovan James to third
Runner from 3rd tries for Home, SAFE, no throw
Batting: RHB José García 0-0: Ball
1-0: Ball
2-0: Ball
3-0: Called Strike
3-1: Called Strike
3-2: Base on Balls
Batting: RHB Ricardo Guzmán 0-0: Ball
1-0: Swinging Strike
1-1: Ball
2-1: Swinging Strike
2-2: Fly out, F8 (Flyball, 8LM)
Batting: LHB Gabriel Estrada 0-0: Foul Ball, location: 2F
0-1: Fly out, F9 (Line Drive, 9LM)
Batting: RHB Robert Stevens 0-0: Called Strike
0-1: Fly out, F7 (Line Drive, 7)
Bottom of the 1st over - 1 run, 2 hits, 0 errors, 2 left on base; Casper 0 - Riverside 1
TOP OF THE 2ND
Casper Ghosts batting - Pitching for Riverside Red Bulls : RHP Bret Oliver
Batting: LHB Luis Rodríguez 0-0: Reached on error, E3 (Groundball, 3L)
Batting: RHB Robert Acosta 0-0: Called Strike
0-1: Ball
1-1: Ball
2-1: Grounds into double play, 6-4-3 (Groundball, 6)
Batting: RHB Miguel Toro 0-0: Ball
1-0: Ground out 4-3 (Groundball, 4)
Top of the 2nd over - 0 runs, 0 hits, 1 error, 0 left on base; Casper 0 - Riverside 1
BOTTOM OF THE 2ND
Riverside Red Bulls batting - Pitching for Casper Ghosts : RHP Arthur Martínez
Batting: SHB Carlos Ramírez 0-0: Ball
1-0: Ball
2-0: Called Strike
2-1: Ball
3-1: SINGLE (Groundball, 5) (infield hit)
Batting: SHB Ángel Estrada 0-0: Fly out, F8 (Flyball, 8LD)
Batting: RHB Juan Morales 0-0: Ball
1-0: Called Strike
1-1: Ball
Carlos Ramírez steals 2nd base
2-1: Called Strike
2-2: Fly out, F9 (Flyball, 9)
Batting: RHB Donovan James 0-0: Ball
1-0: Ball
2-0: Foul Ball, location: 2F
2-1: Fly out, F9 (Line Drive, 89M)
Bottom of the 2nd over - 0 runs, 1 hit, 0 errors, 1 left on base; Casper 0 - Riverside 1
TOP OF THE 3RD
Casper Ghosts batting - Pitching for Riverside Red Bulls : RHP Bret Oliver
Batting: SHB José González 0-0: SINGLE (Line Drive, 34)
Batting: RHB Jerry Browning 0-0: Ball
1-0: Ball
2-0: Ball
3-0: Called Strike
3-1: Foul Ball, location: 2F
3-2: Base on Balls
José González to second
Batting: RHB Hunter Plunket 0-0: Foul Ball, location: 2F
0-1: Ball
1-1: Called Strike
1-2: Ball
2-2: Fly out, F8 (Flyball, 89D)
Runner from 2nd tags up, SAFE at 3rd, no throw
Batting: RHB Troy Reed 0-0: Foul Ball, location: 2F
0-1: Ball
1-1: Foul Ball, location: 2F
1-2: Foul Ball, location: 2F
1-2: Strikes out swinging
Batting: LHB Ramón Córdova 0-0: Foul Ball, location: 2F
0-1: Ball
1-1: Ball
2-1: Foul Ball, location: 2F
2-2: Foul Ball, location: 2F
2-2: Hit by Pitch
Jerry Browning to second
Batting: RHB Paul Richard 0-0: Foul Ball, location: 2F
0-1: Ball
1-1: Fly out, F8 (Flyball, 8RD)
Top of the 3rd over - 0 runs, 1 hit, 0 errors, 3 left on base; Casper 0 - Riverside 1
BOTTOM OF THE 3RD
Riverside Red Bulls batting - Pitching for Casper Ghosts : RHP Arthur Martínez
Batting: LHB José Guillén 0-0: Foul Ball, location: 2F
0-1: Ball
1-1: Foul Ball, location: 2F
1-2: Ball
2-2: Ground out U3 (Groundball, 3)
Batting: RHB José García 0-0: Foul Ball, location: 2F
0-1: Foul Ball, location: 2F
0-2: Strikes out swinging
Batting: RHB Ricardo Guzmán 0-0: Called Strike
0-1: Foul Ball, location: 2F
0-2: Ball
1-2: Ball
2-2: Foul Ball, location: 2F
2-2: DOUBLE (Line Drive, 7LD)
Batting: LHB Gabriel Estrada 0-0: Ball
1-0: Swinging Strike
1-1: SINGLE (Groundball, 5D)
Ricardo Guzmán to third
Runner from 3rd tries for Home, SAFE, no throw
Batting: RHB Robert Stevens 0-0: Fly out, F8 (Flyball, 8LXD)
Bottom of the 3rd over - 1 run, 2 hits, 0 errors, 1 left on base; Casper 0 - Riverside 2
TOP OF THE 4TH
Casper Ghosts batting - Pitching for Riverside Red Bulls : RHP Bret Oliver
Batting: LHB Luis Rodríguez 0-0: Called Strike
0-1: Foul Ball, location: 2F
0-2: Foul Ball, location: 2F
0-2: Ball
1-2: Ball
2-2: SOLO HOME RUN (Flyball, 9D), Distance : 392 ft
Batting: RHB Robert Acosta 0-0: Ball
1-0: Called Strike
1-1: Foul Ball, location: 2F
1-2: SINGLE (Groundball, 6MD)
Batting: RHB Miguel Toro 0-0: Called Strike
0-1: Ball
1-1: Ball
2-1: Ball
3-1: Foul Ball, location: 2F
3-2: Base on Balls
Robert Acosta to second
Batting: SHB José González 0-0: Ball
1-0: Ball
2-0: Called Strike
2-1: Ball
3-1: Swinging Strike
3-2: Strikes out swinging
Batting: RHB Jerry Browning 0-0: Ball
Robert Acosta steals 3rd base
Miguel Toro to second
1-0: Foul Ball, location: 2F
1-1: Fly out, F9 (Flyball, 9)
Runner from 3rd tags up, SCORES, throw made
Batting: RHB Hunter Plunket 0-0: Ball
1-0: Called Strike
1-1: SINGLE (Line Drive, 7LS)
Miguel Toro to third
Batting: RHB Troy Reed 0-0: Called Strike
0-1: Foul Ball, location: 2F
0-2: Ball
1-2: Foul Ball, location: 2F
1-2: Strikes out looking
Top of the 4th over - 2 runs, 3 hits, 0 errors, 2 left on base; Casper 2 - Riverside 2
BOTTOM OF THE 4TH
Riverside Red Bulls batting - Pitching for Casper Ghosts : RHP Arthur Martínez
Batting: SHB Carlos Ramírez 0-0: Ball
1-0: Foul Ball, location: 2F
1-1: Foul Ball, location: 2F
1-2: Ground out 4-3 (Groundball, 34D)
Batting: SHB Ángel Estrada 0-0: Ball
1-0: Ball
2-0: Foul Ball, location: 2F
2-1: Swinging Strike
2-2: Ball
3-2: Base on Balls
Batting: RHB Juan Morales 0-0: Foul Ball, location: 2F
0-1: Ball
1-1: Foul Ball, location: 2F
1-2: Foul Ball, location: 2F
1-2: Foul Ball, location: 2F
1-2: Ball
2-2: TRIPLE (Flyball, 8RXD)
Ángel Estrada scores
Batting: RHB Donovan James 0-0: Ball
1-0: Swinging Strike
1-1: Ball
2-1: Ground out 6-3 (Groundball, 6)
Juan Morales scores
Now at SS: Peter Bryant
Batting: LHB José Guillén 0-0: Foul Ball, location: 2F
0-1: Ball
1-1: DOUBLE (Line Drive, 9LM)
Batting: RHB José García 0-0: Ball
1-0: Foul Ball, location: 2F
1-1: 2-RUN HOME RUN (Line Drive, 89XD), Distance : 418 ft
Batting: RHB Ricardo Guzmán 0-0: Called Strike
0-1: Ball
1-1: Ground out 5-3 (Groundball, 56)
Bottom of the 4th over - 4 runs, 3 hits, 0 errors, 0 left on base; Casper 2 - Riverside 6
TOP OF THE 5TH
Casper Ghosts batting - Pitching for Riverside Red Bulls : RHP Bret Oliver
Batting: LHB Ramón Córdova 0-0: Ball
1-0: Ball
2-0: Called Strike
2-1: Called Strike
2-2: Ball
3-2: Foul Ball, location: 2F
3-2: Base on Balls
Batting: RHB Paul Richard 0-0: Fly out, F5 (Line Drive, 6)
Batting: LHB Luis Rodríguez 0-0: Called Strike
Ramón Córdova is caught stealing 2nd base
0-1: Foul Ball, location: 2F
0-2: Foul Ball, location: 2F
0-2: Ball
1-2: Fly out, F9 (Flyball, 9S)
Top of the 5th over - 0 runs, 0 hits, 0 errors, 0 left on base; Casper 2 - Riverside 6
BOTTOM OF THE 5TH
Riverside Red Bulls batting - Pitching for Casper Ghosts : RHP Arthur Martínez
Batting: LHB Gabriel Estrada 0-0: Ball
1-0: SOLO HOME RUN (Flyball, 9D), Distance : 419 ft
Batting: RHB Robert Stevens 0-0: Ball
1-0: Called Strike
1-1: Foul Ball, location: 2F
1-2: SINGLE (Line Drive, 78S)
Pitching: RHP Valentín Mejía
Batting: SHB Carlos Ramírez 0-0: Called Strike
0-1: Called Strike
0-2: Ball
1-2: Ball
2-2: Ball
3-2: Base on Balls
Robert Stevens to second
Batting: SHB Ángel Estrada 0-0: Called Strike
0-1: Ball
1-1: Foul Ball, location: 2F
1-2: Foul Ball, location: 2F
1-2: Ball
2-2: Fly out, F9 (Flyball, 9)
Batting: RHB Juan Morales 0-0: Grounds into double play, 5-4-3 (Groundball, 5)
Bottom of the 5th over - 1 run, 2 hits, 0 errors, 1 left on base; Casper 2 - Riverside 7
TOP OF THE 6TH
Casper Ghosts batting - Pitching for Riverside Red Bulls : RHP Bret Oliver
Batting: RHB Peter Bryant 0-0: Ball
1-0: Foul Ball, location: 2F
1-1: Ball
2-1: Ball
3-1: SINGLE (Groundball, 34D)
Pitching: LHP Mitch Bennett
Batting: RHB Miguel Toro 0-0: Called Strike
0-1: Swinging Strike
0-2: Ball
1-2: Ground out 5-3 (Groundball, 56S)
Peter Bryant to second
Batting: SHB José González 0-0: Called Strike
0-1: Ball
1-1: Ball
2-1: SINGLE (Groundball, 34D)
Peter Bryant to third
Runner from 3rd tries for Home, SAFE, no throw
Batting: RHB Jerry Browning 0-0: Ball
1-0: DOUBLE (Line Drive, 9LM)
José González to third
Runner from 3rd tries for Home, SAFE, throw made at trailing runner, OUT at third!
Batting: RHB Hunter Plunket 0-0: Ball
1-0: Swinging Strike
1-1: Called Strike
1-2: Foul Ball, location: 2F
1-2: Ground out 1-3 (Groundball, 13)
Top of the 6th over - 2 runs, 3 hits, 0 errors, 0 left on base; Casper 4 - Riverside 7
BOTTOM OF THE 6TH
Riverside Red Bulls batting - Pitching for Casper Ghosts : RHP Valentín Mejía
Batting: RHB Donovan James 0-0: Ball
1-0: Swinging Strike
1-1: Foul Ball, location: 2F
1-2: SINGLE (Popup, 6MD)
Batting: LHB José Guillén 0-0: Ball
1-0: Fielders Choice at 2nd, 1-4 (Groundball, 15)
Batting: RHB José García 0-0: Ball
1-0: Foul Ball, location: 2F
1-1: Ball
2-1: Ball
3-1: Base on Balls
José Guillén to second
Batting: RHB Ricardo Guzmán 0-0: Grounds into double play, 6-4-3 (Groundball, 6)
Bottom of the 6th over - 0 runs, 1 hit, 0 errors, 1 left on base; Casper 4 - Riverside 7
TOP OF THE 7TH
Casper Ghosts batting - Pitching for Riverside Red Bulls : LHP Mitch Bennett
Batting: RHB Troy Reed 0-0: Ball
1-0: Called Strike
1-1: Swinging Strike
1-2: Ball
2-2: Ball
3-2: Foul Ball, location: 2F
3-2: Base on Balls
Batting: LHB Ramón Córdova 0-0: Ball
1-0: Ball
2-0: Called Strike
2-1: Swinging Strike
2-2: Foul Ball, location: 2F
2-2: SINGLE (Groundball, 15S) (infield hit)
Troy Reed to second
Batting: RHB Paul Richard 0-0: Ball
1-0: Ball
2-0: Grounds into double play, 5-4-3 (Groundball, 56)
Troy Reed to third
Batting: LHB Luis Rodríguez 0-0: Swinging Strike
0-1: Called Strike
0-2: Ball
Wild Pitch!
Troy Reed scores
1-2: Fly out, F7 (Flyball, 78S)
Top of the 7th over - 1 run, 1 hit, 0 errors, 0 left on base; Casper 5 - Riverside 7
BOTTOM OF THE 7TH
Riverside Red Bulls batting - Pitching for Casper Ghosts : RHP Valentín Mejía
Batting: LHB Gabriel Estrada 0-0: Called Strike
0-1: Ball
1-1: Swinging Strike
1-2: Foul Ball, location: 2F
1-2: Foul Ball, location: 2F
1-2: Strikes out swinging
Batting: RHB Robert Stevens 0-0: Ball
1-0: Called Strike
1-1: Ground out 6-3 (Groundball, 6)
Batting: SHB Carlos Ramírez 0-0: Foul Ball, location: 2F
0-1: Called Strike
0-2: Ball
1-2: Ground out 4-3 (Groundball, 4)
Bottom of the 7th over - 0 runs, 0 hits, 0 errors, 0 left on base; Casper 5 - Riverside 7
TOP OF THE 8TH
Casper Ghosts batting - Pitching for Riverside Red Bulls : LHP Mitch Bennett
Pitching: RHP Juan Herrera
Batting: RHB Peter Bryant 0-0: Ball
1-0: Ball
2-0: Ball
3-0: Called Strike
3-1: Base on Balls
Batting: RHB Miguel Toro 0-0: Ball
1-0: Foul Ball, location: 2F
1-1: Ball
Wild Pitch!
Peter Bryant to second
2-1: Foul Ball, location: 2F
2-2: Ball
3-2: Strikes out swinging
Batting: SHB José González 0-0: Called Strike
0-1: Foul Ball, location: 2F
0-2: Strikes out swinging
Batting: RHB Jerry Browning 0-0: DOUBLE (Line Drive, 8RD)
Peter Bryant scores
Batting: RHB Hunter Plunket 0-0: Called Strike
0-1: Ball
1-1: Swinging Strike
1-2: Ball
2-2: Strikes out swinging
Top of the 8th over - 1 run, 1 hit, 0 errors, 1 left on base; Casper 6 - Riverside 7
BOTTOM OF THE 8TH
Riverside Red Bulls batting - Pitching for Casper Ghosts : RHP Valentín Mejía
Batting: SHB Ángel Estrada 0-0: Ball
1-0: Ball
2-0: Ball
3-0: Called Strike
3-1: Base on Balls
Pitching: LHP Pablo Solíz
Pinch Hitting: RHB Luis Bustamante 0-0: Called Strike
0-1: Ball
1-1: Ball
2-1: Foul Ball, location: 2F
2-2: Ball
3-2: Foul Ball, location: 2F
3-2: Fly out, F5 (Line Drive, 5)
Lined into DP, 5-3 (Line Drive, 5)
Batting: RHB Donovan James 0-0: Foul Ball, location: 2F
0-1: Foul Ball, location: 2F
0-2: Foul Ball, location: 2F
0-2: Fly out, F8 (Flyball, 8LS)
Bottom of the 8th over - 0 runs, 0 hits, 0 errors, 0 left on base; Casper 6 - Riverside 7
TOP OF THE 9TH
Casper Ghosts batting - Pitching for Riverside Red Bulls : RHP Juan Herrera
Now at 2B: Luis Flores
Batting: RHB Troy Reed 0-0: Called Strike
0-1: Ball
1-1: Called Strike
1-2: Ball
2-2: Foul Ball, location: 2F
2-2: Strikes out swinging
Batting: LHB Ramón Córdova 0-0: Ball
1-0: Ball
2-0: Foul Ball, location: 2F
2-1: Ground out 4-3 (Groundball, 34)
Batting: RHB Paul Richard 0-0: SINGLE (Line Drive, 9LM)
Batting: LHB Luis Rodríguez 0-0: Called Strike
Balk!
Paul Richard to second
0-1: SINGLE (Flyball, 8RS)
Paul Richard to third
Runner from 3rd tries for Home, throw and OUT!
Top of the 9th over - 0 runs, 2 hits, 0 errors, 1 left on base; Casper 6 - Riverside 7
Saturday, December 16th, 2017 - OOTP Baseball 18.8 Build 76